 Dungeon Crawl Stone Soup version 0.22.1-1-ga44c0e5 (webtiles) character file.

290 nightchill the Ruffian (level 6, -6/49 (53) HPs)
             Began as a Ghoul Warper on Oct 28, 2018.
             Killed by divine providence
             ... invoked by an orc priest
              (8 damage)
             ... on level 5 of the Dungeon.
             The game lasted 00:08:52 (3591 turns).

nightchill the Ruffian (Ghoul Warper)               Turns: 3591, Time: 00:08:53

HP:   -6/49 (53)    AC: 10    Str: 17    XL:     6   Next: 32%
MP:   7/7           EV:  5    Int:  8    God:
Gold: 175           SH:  0    Dex:  8    Spells: 6/8 levels left

rFire    . . .     SeeInvis .     - Unarmed
rCold    + . .     Gourm    .   (no shield)
rNeg     + + +     Faith    .   k - +0 plate armour
rPois    ∞         Spirit   .   (no helmet)
rElec    .         Reflect  .   (no cloak)
rCorr    .         Harm     .   (no gloves)
MR       .....                  (no boots)
Stlth    ..........             (no amulet)
HPRegen  0.00/turn              (no ring)
MPRegen  0.10/turn              (no ring)

@: rotting, slowed, very slow
A: rotting body, claws 1, carnivore, cold resistance 1, negative energy
resistance 3, inhibited regeneration, torment resistance, unbreathing
a: no special abilities


You were on level 5 of the Dungeon.
You were near starving.

You visited 1 branch of the dungeon, and saw 4 of its levels.

You collected 175 gold pieces.

Inventory:

Hand Weapons
 l - a +0 hunting sling
Missiles
 d - 2 tomahawks of dispersal
 g - 117 stones
 r - 3 javelins (quivered)
Armour
 a - a +0 leather armour
 k - a +0 plate armour (worn)
Jewellery
 i - an uncursed ring of magical power {unknown}
 o - an uncursed ring of stealth {unknown}
Scrolls
 b - 4 scrolls of remove curse {unknown}
 c - 2 scrolls of blinking
 j - a scroll of fog {unknown}
 m - a scroll of identify {unknown}
 p - a scroll of random uselessness {unknown}
 q - a scroll of teleportation {unknown}
 s - 2 scrolls of magic mapping {unknown}
 t - a scroll of noise {unknown}
Potions
 e - a potion of brilliance {unknown}
 h - 2 potions of degeneration {unknown}
 n - a potion of curing {unknown}
Comestibles
 f - 8 rations


   Skills:
 + Level 4.3 Fighting
 - Level 0.8 Throwing
 - Level 0.8 Armour
 - Level 1.7 Dodging
 * Level 6.0 Unarmed Combat
 - Level 1.7 Spellcasting
 - Level 2.6 Translocations


You had 6 spell levels left.
You knew the following spells:

 Your Spells              Type           Power        Failure   Level  Hunger
a - Blink                 Tloc           N/A          100%        2    ###....

Your spell library contained the following spells:

 Spells                   Type           Power        Failure   Level  Hunger
 Shroud of Golubria       Chrm/Tloc      #.........   100%        2    ###....
 Gell's Gravitas          Tloc           #.........   100%        3    ####...
 Lesser Beckoning         Tloc           #.........   100%        3    ####...
 Teleport Other           Tloc           #.......     100%        3    ####...
 Passage of Golubria      Tloc           N/A          100%        4    #####..


Dungeon Overview and Level Annotations

Branches:
Dungeon (3/15)

Altars:
Dithmenos
Elyvilon
Gozag
Kikubaaqudgha
Trog
Uskayaw

Shops:
D:5 ?


Innate Abilities, Weirdness & Mutations

Your body is rotting away.
You thrive on raw meat.
You are immune to poison.
You have sharp fingernails.
You are carnivorous and can eat meat at any time.
Your flesh is cold resistant. (rC+)
You are immune to negative energy. (rN+++)
You do not regenerate when monsters are visible.
You are immune to unholy pain and torment.
You can survive without breathing.


Message History

You resist with some effort.
Your plate armour prevents you from hitting the orc priest.
The orc priest is heavily wounded.
You feel yourself speed up.
The orc wizard hits you but does no damage.
The orc priest hits you with a flail.
* * * LOW HITPOINT WARNING * * *
The orc wizard hits you but does no damage.
You scratch the orc priest.
The orc priest is almost dead.
The orc priest miscasts a cantrip.
You scratch the orc priest.
You kill the orc priest!
Your Unarmed Combat skill increases to level 6!
The orc wizard casts a spell at you.
You feel yourself slow down.
You closely miss the orc wizard.
The orc priest invokes the aid of Beogh against you.
Beogh smites you!
You die...

##### ###.).##
###########...#..####
#.......#o..###.....##
#.......#.### ##.....##
#..###..o@# #.^5#oo#
#..'_#...## #......o.⌠..
#..###...### #........∩...
#..........##........⌠.⌠..
###........##........$...o
#........##............(
###......##.............
#....... .............
##.####..


You could see an orc priest and an orc wizard.

Vanquished Creatures
  An ice beast (D:5)
  An orc priest (D:5)
  An orc wizard (D:3)
  4 adders (D:3)
  A shadow imp (D:5)
  An ooze (D:3)
  5 worms
  5 dart slugs
  A leopard gecko (D:1)
  3 orcs
  11 giant cockroaches
  6 goblins
  6 hobgoblins
  A quokka (D:3)
  10 bats
  4 frilled lizards
  5 kobolds
  7 rats (D:1)
73 creatures vanquished.

Vanquished Creatures (others)
  4 toadstools (D:1)
4 creatures vanquished.

Grand Total: 77 creatures vanquished

Notes
Turn   | Place    | Note
-------+----------+-------------------------------------------
     0 | D:1      | nightchill the Ghoul Warper began the quest for the Orb.
     0 | D:1      | Reached XP level 1. HP: 17/17 MP: 2/2
   334 | D:1      | Reached XP level 2. HP: 17/25 MP: 3/3
   437 | D:1      | Learned a level 2 spell: Blink
   488 | D:1      | Reached skill level 3 in Unarmed Combat
   967 | D:1      | Reached XP level 3. HP: 28/30 MP: 4/4
  1699 | D:2      | Reached skill level 4 in Unarmed Combat
  1699 | D:2      | Reached XP level 4. HP: 37/38 MP: 5/5
  1715 | D:2      | Found an ancient bone altar of Kikubaaqudgha.
  1995 | D:2      | Found a hide-covered altar of Uskayaw.
  2423 | D:3      | Found a bloodstained altar of Trog.
  2568 | D:3      | Reached XP level 5. HP: 42/45 MP: 6/6
  2574 | D:3      | Found a shadowy altar of Dithmenos.
  2880 | D:3      | Reached skill level 5 in Unarmed Combat
  3103 | D:3      | Found an opulent altar of Gozag.
  3322 | D:3      | You fall through a shaft for 2 floors!
  3322 | D:5      | Entered Level 5 of the Dungeon
  3323 | D:5      | Found a white marble altar of Elyvilon.
  3333 | D:5      | Noticed an ice beast
  3358 | D:5      | Killed an ice beast
  3358 | D:5      | Reached XP level 6. HP: 15/51 MP: 7/7
  3561 | D:5      | Found Vimooloa's Magic Scroll Boutique.
  3588 | D:5      | HP: 2/48 [orc priest/flail (3)]
  3590 | D:5      | Reached skill level 6 in Unarmed Combat
  3591 | D:5      | Killed from afar by an orc priest

Skill      XL: |  1  2  3  4  5  6 |
---------------+-------------------+-----
Unarmed Combat | 3 4 5 6 |  6.0
Fighting       | 3 4 |  4.3
Throwing       | |  0.8
Armour         | |  0.8
Dodging        | |  1.7
Spellcasting   | |  1.7
Translocations | |  2.6

Action                   |  1- 3 |  4- 6 || total
-------------------------+-------+-------++-------
Melee: Unarmed           |   162 |   165 ||   327
       Punch             |     1 |     2 ||     3
Throw: Tomahawk          |     2 |     1 ||     3
       Javelin           |       |     3 ||     3
  Eat: Chunk             |     2 |     5 ||     7
Armor: Leather armour    |    45 |       ||    45
       Plate armour      |    34 |   155 ||   189
Dodge: Dodged            |    93 |    38 ||   131
